 Dungeon Crawl Stone Soup version 0.30-a0-118-ga018f8e90f (webtiles) character file.

Game seed: 8651707720389419320

8362 kae the Geomancer (level 11, -4/68 HPs)
             Began as a Gargoyle Earth Elementalist on Sept 13, 2022.
             Was a Priest of Vehumet.
             Slain by a yak (6 damage)
             ... on level 9 of the Dungeon.
             The game lasted 00:10:26 (11540 turns).

kae the Geomancer (Gargoyle Earth Elementalist)    Turns: 11540, Time: 00:10:26

Health: -4/68      AC: 16    Str: 17    XL:     11   Next: 29%
Magic:  21/21      EV: 11    Int: 27    God:    Vehumet [***...]
Gold:   403        SH:  5    Dex: 10    Spells: 14/24 levels left

rFire   . . .      SeeInvis .    u - +2 spear (freeze)
rCold   . . .      Faith    .    (no shield)
rNeg    + . .      Spirit   .    a - +0 robe
rPois   ∞          Reflect  +    p - +0 helmet
rElec   +          Harm     .    J - +2 cloak
rCorr   .          Rampage  .    (no gloves)
Will    .....                    t - +1 pair of boots
Stlth   ++........               G - amulet of reflection
HPRegen 0.21/turn                I - +6 ring of intelligence
MPRegen 0.17/turn                S - +6 ring of strength

@: about to teleport, invisible
A: sickness immunity, AC +8, negative energy resistance 1, electricity
resistance, torment resistance 1, petrification resistance
a: Renounce Religion


You were on level 9 of the Dungeon.
You worshipped Vehumet.
Vehumet was most pleased with you.
You visited 2 branches of the dungeon, and saw 10 of its levels.

You collected 592 gold pieces.
You spent 189 gold pieces at shops.


Innate Abilities, Weirdness & Mutations

You are immune to sickness and miasma.
Your stone body is resilient. (AC +8)
You are immune to poison.
You resist negative energy. (rN+)
You are resistant to electric shocks. (rElec)
You are resistant to unholy torment.
You are immune to petrification.


   Skills:
 + Level 7.8 Fighting
 - Level 1.5 Dodging
 - Level 2.1 Stealth
 + Level 7.0 Spellcasting
 * Level 10.0 Conjurations
 - Level 0.7 Transmutations
 * Level 12.8 Earth Magic


You had 14 spell levels left.
You knew the following spells:

 Your Spells              Type           Power      Damage    Failure   Level
a - Sandblast             Erth           100%       2d20      1%          1
b - Passwall              Tmut/Erth      38%        N/A       1%          2
c - Stone Arrow           Conj/Erth      100%       3d13      1%          3
d - Petrify               Tmut/Erth      46%        N/A       3%          4

Your spell library contained the following spells:

 Spells                   Type           Power      Damage    Failure   Level
 Dazzling Flash           Conj/Hex       72%        N/A       1%          3
 Frozen Ramparts          Ice            18%        1d3       4%          3
 Blink                    Tloc           18%        N/A       9%          2
 Ensorcelled Hibernation  Hex/Ice        18%        N/A       9%          2
 Spider Form              Tmut/Pois      11%        N/A       16%         3
 Gell's Gravitas          Tloc           9%         N/A       17%         3
 Ozocubu's Armour         Ice            9%         N/A       17%         3
 Teleport Other           Tloc           9%         N/A       17%         3
 Ice Form                 Ice/Tmut       11%        N/A       45%         4
 Anguish                  Hex/Necr       4%         N/A       50%         4
 Manifold Assault         Tloc           9%         N/A       50%         4
 Summon Ice Beast         Ice/Summ       9%         N/A       50%         4
 Metabolic Englaciation   Hex/Ice        4%         N/A       85%         5
 Dispersal                Tloc           4%         N/A       100%        6
 Simulacrum               Ice/Necr       4%         N/A       100%        6
 Storm Form               Tmut/Air       5%         N/A       100%        7

Inventory:

Hand Weapons
 l - a +0 dagger of venom
   (You took it off a goblin on level 2 of the Dungeon)
 u - a +2 spear of freezing (weapon)
   (You found it on level 4 of the Dungeon)
Missiles
 c - 83 stones
 h - 14 poisoned darts
 j - 5 atropa-tipped darts
 o - a boomerang
 z - 3 curare-tipped darts {=f}
 B - 4 throwing nets {=f!f}
Armour
 a - a +0 robe (worn)
 p - a +0 helmet (worn)
   (You found it on level 3 of the Dungeon)
 t - a +1 pair of boots (worn)
   (You found it on level 4 of the Dungeon)
 J - a +2 cloak (worn)
   (You found it on level 7 of the Dungeon)
Magical Staves
 D - a staff of air {!a}
   (You found it on level 5 of the Dungeon)
Jewellery
 G - an amulet of reflection (around neck)
   (You found it on level 7 of the Dungeon)
 I - a +6 ring of intelligence (left hand)
   (You found it on level 3 of the Dungeon)
 L - a ring of flight
   (You took it off an orc warrior on level 9 of the Dungeon)
 S - a +6 ring of strength (right hand)
   (You found it on level 7 of the Dungeon)
Wands
 v - a wand of acid (2)
   (You found it on level 6 of the Dungeon)
 y - a wand of flame (34)
   (You found it on level 4 of the Dungeon)
 F - a wand of roots (9)
   (You found it on level 8 of the Dungeon)
Scrolls
 d - 3 scrolls of identify {@r1}
 n - a scroll of fog
 q - a scroll of enchant weapon
 r - 2 scrolls of immolation {!r!r}
 w - 2 scrolls of magic mapping {!r}
 E - 2 scrolls of vulnerability {!r!r}
 H - a scroll of brand weapon
Potions
 b - 3 potions of magic
 e - 3 potions of berserk rage {!q}
 f - a potion of ambrosia
 g - 3 potions of flight
 i - a potion of invisibility
 k - 3 potions of mutation {!q}
 m - 2 potions of degeneration {!q}
 s - 3 potions of lignification {!q}
 A - 2 potions of haste {@q3}
 C - 2 potions of might

Dungeon Overview and Level Annotations

Branches:
Dungeon (9/15) Zot: 25790  Temple (1/1) D:4 Zot: 5849
   Lair: D:8-11         Orc: D:9-12

Altars:
Cheibriados
Dithmenos
Elyvilon
Fedhas
Gozag
Hepliaklqana
Kikubaaqudgha
Makhleb
Nemelex Xobeh
Okawaru
Qazlal
Ru
Sif Muna
Trog
Uskayaw
Vehumet
Wu Jian
Xom
Yredelemnul
Zin
The Shining One

Shops:
D:4 ?

Annotations:
D:2 1 runed translucent door, Crazy Yiuf

#############
#............
###
#..YYY.......
..#.
#..Y@Y.......#
##.#.
##########.##.
... #. #.##
#.###.####...
#.....)......
#####.#).....
#.#.#####
#.#)#....
#.#.#..#.


You could see 5 yaks.


Message History

The orc warrior closely misses you. 😮 HP[+1]
The orc warrior attacks as you move away!
The orc warrior hits you with a +0 battleaxe!
* * * LOW HITPOINT WARNING * * *
The orc priest casts a cantrip, but nothing happens.
The orc wizard gestures at you while chanting.
The puff of flame hits you.
* * * LOW HITPOINT WARNING * * *
😨 HP[-16]
You take 16 damage, and now have 26/68 hp.
MASSIVE DAMAGE!! (PAUSE)
The orc warrior hits you but does no damage.
You feel less confused. You block the orc warrior's attack.
The orc warrior attacks as you move away!
The orc warrior hits you but does no damage. 😨 HP[+1]
The yak attacks as you move away! The yak gores you.
* * * LOW HITPOINT WARNING * * *
The gargoyle hurls a stone arrow at you.
The stone arrow misses you.
The orc wizard mumbles some strange words.
The orc wizard flickers and vanishes!
Deactivating autopickup; reactivate with Ctrl-A.
You see here a howler monkey skeleton. 😨 HP[-3]
You take 3 damage, and now have 24/68 hp.
The gargoyle hurls a stone arrow at you.
The stone arrow hits you!!
* * * LOW HITPOINT WARNING * * *
😱 HP[-20]
You take 20 damage, and now have 4/68 hp.
MASSIVE DAMAGE!! (PAUSE)
Okay, then.
As you read the scroll of teleportation {@r4}, it crumbles to dust.
You feel strangely unstable. You block the yak's attack.
You are confused.
You feel invigorated.
The yak gores you but does no damage. 😱 HP[+6]
You regained 6 hp, and now have 10/68 hp.
Unknown command.
Your surroundings suddenly seem different. 5 yaks come into view.
The yak bellows! x4
The yak gores you.
* * * LOW HITPOINT WARNING * * *
The yak gores you but does no damage. 😱 HP[-2]
You take 2 damage, and now have 8/68 hp.
Unknown command.
The yak attacks as you move away! The yak closely misses you.
The yak barely misses you. x2 😱 HP[+4]
You regained 4 hp, and now have 12/68 hp.
The yak attacks as you move away!
The yak gores you but does no damage. x2
The yak closely misses you. The yak gores you.
* * * LOW HITPOINT WARNING * * *
😱 HP[-2]
You take 2 damage, and now have 10/68 hp.
Unknown command.
You closely miss the yak. The yak gores you!
* * * LOW HITPOINT WARNING * * *
The yak barely misses you.
The yak gores you but does no damage. 😱 HP[-6]
You take 6 damage, and now have 4/68 hp.
You are too confused!
You are too confused!
You fade into invisibility!
The yak gores you.
* * * LOW HITPOINT WARNING * * *
The yak gores you but does no damage. The yak barely misses you.
The yak gores you but does no damage. The yak barely misses you.
Unknown command.
The yak gores you but does no damage. x2; The yak closely misses you.
The yak gores you.
* * * LOW HITPOINT WARNING * * *
The yak gores you but does no damage. 😱 HP[+2]
You regained 2 hp, and now have 6/68 hp.
The yak gores you but does no damage. x3; The yak barely misses you.
The yak gores you but does no damage. 😱 HP[+4]
You regained 4 hp, and now have 10/68 hp.
You feel less invigorated.
You feel less confused. The yak closely misses you.
The yak gores you but does no damage. The yak closely misses you.
The yak gores you but does no damage. You block the yak's attack. 😱 HP[+3]
You regained 3 hp, and now have 13/68 hp.
Okay, then.
Okay, then.
As you read the scroll of teleportation {@r4}, it crumbles to dust.
You feel strangely unstable. The yak gores you but does no damage.
The yak gores you!
* * * LOW HITPOINT WARNING * * *
The yak gores you.
You die...

Skill      XL: |  1  2  3  4  5  6  7  8  9 10 11 |
---------------+----------------------------------+-----
Earth Magic    | 4 5 6 7 9 10 12 | 12.8
Fighting       | 1 2 3 4 5 6 7 |  7.8
Spellcasting   | 3 4 5 6 7 |  7.0
Conjurations   | 1 3 5 7 9 10 | 10.0
Dodging        | |  1.5
Stealth        | |  2.1
Transmutations | |  0.7

Action                   |  1- 3 |  4- 6 |  7- 9 | 10-12 || total
-------------------------+-------+-------+-------+-------++-------
Melee: Unarmed           |     4 |       |       |       ||     4
       Dagger            |       |     7 |       |       ||     7
       Spear             |       |    10 |    20 |    22 ||    52
       Punch             |       |       |       |     2 ||     2
 Cast: Sandblast         |    42 |    79 |   131 |    76 ||   328
       Stone Arrow       |       |       |    27 |    33 ||    60
Evoke: Wand              |       |       |       |     1 ||     1
  Use: Scroll            |       |     6 |    14 |     2 ||    22
       Potion            |       |       |       |     5 ||     5
Armor: Robe              |    17 |    24 |    48 |    72 ||   161
Dodge: Dodged            |    14 |    27 |    73 |    91 ||   205
Block: Other             |       |       |     9 |    30 ||    39
       Reflection        |       |       |     2 |     1 ||     3

Levels and vault maps discovered:
D:1:      erik_arrival_cave_to_civilisation [erik_arrival_cave_to_hall],
          layout_basic, shapermc_ecumenical_altar_gd, serial_bayou_pond_e,
          grunt_decor_one_mirror
D:2:      layout_basic, minmay_tromino_v7, uniq_natasha, uniq_crazy_yiuf_cottage
D:3:      layout_loops_corners, serial_co_window_serial, co_window_paths_a,
          co_window_of_opportunity_a, co_window_of_opportunity_a,
          co_window_corner_a, co_window_paths_a, co_window_corner_ca,
          co_window_corner_b, co_window_corner_ca, co_window_corner_cb,
          co_window_4corner_b, co_window_4corner_a
D:4:      layout_gridville, minmay_temple_entry_ruins, serial_shops,
          nicolae_shop_crystal, small_statue_intersection, minmay_crystal_water,
          uniq_blork_the_orc
D:5:      layout_cave_pools, serial_glass, glass_columns_c, glass_columns_a,
          glass_columns_b, glass_columns_a
D:6:      layout_loops_ring, gammafunk_temple_overflow_statue,
          mainiacjoe_overflow_small_starburst, nicolae_gozag_seed_capital
D:7:      layout_gridville, okawaru_metal_pillars_3, uniq_prince_ribbit1
D:8:      argonaut_augean_stables, layout_gridville,
          nicolae_overflow_crystal_walls
D:9:      minmay_weird_star, layout_basic, kennysheep_mini,
          nicolae_shop_fire_sale [nicolae_sub_dead_trees], kennysheep_donut,
          grunt_ministairs_10, grunt_potential, uniq_maggie, uniq_pikel,
          uniq_amaemon
Temple:   nicolae_temple_superstar

Notes
Turn   | Place    | Note
-------+----------+-------------------------------------------
     0 | D:1      | kae the Gargoyle Earth Elementalist began the quest for the
                  | Orb.
     0 | D:1      | Reached XP level 1. HP: 10/10 MP: 3/3
     0 | D:1      | magus.rc [v1.11.3]
    78 | D:1      | You add the spells Blink, Manifold Assault and Storm Form
                  | to your library.
   173 | D:1      | Reached skill level 4 in Earth Magic
   173 | D:1      | Reached XP level 2. HP: 16/16 MP: 3/5
   232 | D:1      | Learned a level 2 spell: Passwall
   335 | D:1      | Found a faded altar of an unknown god.
   525 | D:1      | Reached skill level 1 in Fighting
   907 | D:1      | Reached XP level 3. HP: 20/20 MP: 4/6
   911 | D:1      | Learned a level 3 spell: Stone Arrow
  1029 | D:2      | Noticed Natasha
  1301 | D:2      | Killed Natasha
  1374 | D:2      | Reached XP level 4. HP: 25/25 MP: 4/7
  1437 | D:2      | You add the spells Gell's Gravitas, Teleport Other and
                  | Dispersal to your library.
  1451 | D:2      | You pick up a book of Dreams and begin reading...
  1451 | D:2      | You add the spells Ensorcelled Hibernation, Spider Form and
                  | Anguish to your library.
  1500 | D:2      | Reached skill level 5 in Earth Magic
  1588 | D:2      | Noticed Natasha
  1593 | D:2      | Killed Natasha
  1594 | D:2      | Reached skill level 2 in Fighting
  1614 | D:2      | Noticed Natasha
  1622 | D:2      | Killed Natasha
  1623 | D:2      | Reached XP level 5. HP: 11/30 MP: 3/9
  1805 | D:2      | Reached skill level 3 in Spellcasting
  1974 | D:2      | Found a runed translucent door.
  1975 | D:2      | Noticed Crazy Yiuf
  3326 | D:3      | Reached skill level 6 in Earth Magic
  3343 | D:3      | You pick up a book of Winter and begin reading...
  3343 | D:3      | You add the spells Ozocubu's Armour, Metabolic Englaciation
                  | and Simulacrum to your library.
  3944 | D:4      | Reached XP level 6. HP: 36/36 MP: 8/10
  4064 | D:4      | Found Booj's Magic Scroll Shoppe.
  4079 | D:4      | Reached skill level 3 in Fighting
  4099 | D:4      | Bought a scroll of identify for 28 gold pieces
  4099 | D:4      | Bought a scroll of identify for 28 gold pieces
  4099 | D:4      | Bought a scroll of identify for 28 gold pieces
  4099 | D:4      | Bought a scroll of magic mapping for 105 gold pieces
  4345 | D:4      | Found a staircase to the Ecumenical Temple.
  4353 | Temple   | Entered the Ecumenical Temple
  4487 | Temple   | Became a worshipper of Vehumet
  4644 | D:4      | Noticed Blork the orc
  4649 | D:4      | Killed Blork the orc
  4650 | D:4      | Reached skill level 1 in Conjurations
  4650 | D:4      | Reached XP level 7. HP: 38/41 MP: 8/12
  4819 | D:4      | Reached skill level 7 in Earth Magic
  4853 | D:5      | Entered Level 5 of the Dungeon
  5003 | D:5      | Reached skill level 2 in Conjurations
  5107 | D:5      | HP: 9/42 [orc/+0 club (4)]
  5491 | D:5      | Reached skill level 4 in Spellcasting
  5522 | D:5      | HP: 3/42 [gnoll/+0 flail[a gnoll bouda] (8)]
  5524 | D:5      | HP: 1/42 [gnoll/+0 spear[a gnoll bouda] (2)]
  6136 | D:6      | Reached skill level 3 in Conjurations
  6136 | D:6      | Reached * piety under Vehumet
  6136 | D:6      | Offered knowledge of Shock by Vehumet.
  6181 | D:6      | Reached skill level 4 in Fighting
  6183 | D:6      | Reached XP level 8. HP: 48/48 MP: 9/14
  6250 | D:6      | Reached skill level 8 in Earth Magic
  6524 | D:6      | Reached skill level 4 in Conjurations
  6782 | D:6      | Found a stormy altar of Qazlal.
  6783 | D:6      | Found a snail-covered altar of Cheibriados.
  6830 | D:6      | Found an ornate altar of the Wu Jian Council.
  6871 | D:6      | Found an opulent altar of Gozag.
  7312 | D:7      | Reached skill level 5 in Conjurations
  7347 | D:7      | Reached skill level 9 in Earth Magic
  7362 | D:7      | Reached skill level 5 in Fighting
  7367 | D:7      | Offered knowledge of Poisonous Vapours by Vehumet.
  7443 | D:7      | Reached XP level 9. HP: 45/54 MP: 14/16
  7448 | D:7      | Learned a level 4 spell: Petrify
  7524 | D:7      | Noticed Prince Ribbit
  7529 | D:7      | Killed Prince Ribbit
  7529 | D:7      | Reached ** piety under Vehumet
  7530 | D:7      | Reached skill level 5 in Spellcasting
  7585 | D:7      | Found an iron altar of Okawaru.
  8067 | D:7      | Reached skill level 6 in Conjurations
  8510 | D:8      | Found a blossoming altar of Fedhas.
  8667 | D:8      | Reached skill level 10 in Earth Magic
  9072 | D:8      | You pick up a book of Rime and begin reading...
  9072 | D:8      | You add the spells Frozen Ramparts, Ice Form and Summon Ice
                  | Beast to your library.
  9309 | D:8      | Reached skill level 6 in Fighting
  9309 | D:8      | Reached skill level 7 in Conjurations
  9331 | D:8      | Reached XP level 10. HP: 28/60 MP: 10/18
  9340 | D:8      | Offered knowledge of Dazzling Flash by Vehumet.
  9493 | D:8      | Reached skill level 11 in Earth Magic
  9526 | D:8      | Reached skill level 6 in Spellcasting
  9526 | D:8      | Reached skill level 8 in Conjurations
  9541 | D:8      | HP: 12/61 [yak (5)]
  9829 | D:8      | Reached *** piety under Vehumet
 10471 | D:9      | HP: 7/61 [acid dragon/splash of acid (35)]
 10473 | D:9      | Reached skill level 7 in Fighting
 10820 | D:9      | Reached skill level 9 in Conjurations
 10873 | D:9      | Reached skill level 12 in Earth Magic
 10940 | D:9      | Noticed Pikel
 10945 | D:9      | Killed Pikel
 11010 | D:9      | Noticed Amaemon
 11010 | D:9      | Noticed an orange demon
 11020 | D:9      | Killed Amaemon
 11021 | D:9      | Reached XP level 11. HP: 39/67 MP: 13/21
 11306 | D:9      | Reached skill level 10 in Conjurations
 11503 | D:9      | Reached skill level 7 in Spellcasting
 11529 | D:9      | HP: 4/68 [gargoyle/stone arrow (20)]
 11534 | D:9      | HP: 10/68 [yak (5)]
 11535 | D:9      | HP: 4/68 [yak (9)]
 11540 | D:9      | HP: 2/68 [yak (11)]
 11540 | D:9      | Slain by a yak

Vanquished Creatures
  Amaemon (D:9)
  Pikel (D:9)
  An orange demon (D:9)
  A troll (D:9)
  2 hornets (D:9)
  Prince Ribbit (D:7)
  19 yaks
  A steam dragon (D:8)
  A water moccasin (D:8)
  An acid dragon (D:9)
  An ice beast (D:6)
  2 sky beasts
  4 orc warriors
  An ogre (D:4)
  A phantom (D:6)
  2 centaurs (D:8)
  2 lemures (D:9)
  Blork the orc (D:4)
  4 bullfrogs
  2 gnoll sergeants
  A scorpion (D:5)
  5 wights (D:9)
  3 killer bees (D:9)
  7 howler monkeys
  4 hounds
  4 orc priests
  3 gnoll boudas
  5 orc wizards
  2 iguanas
  Natasha (thrice) (D:2)
  28 gnolls
  11 adders
  A shadow imp (D:5)
  A white imp (D:5)
  An ufetubus (D:6)
  2 worms
  A dart slug (D:2)
  34 orcs
  12 ball pythons
  9 endoplasms
  3 giant cockroaches (D:3)
  7 goblins
  5 hobgoblins
  3 jackals (D:1)
  4 quokkas
  7 bats
  4 frilled lizards
  6 kobolds
  6 rats
231 creatures vanquished.

Table legend:
 A = Non-vault XP
 B = Vault XP
 C = Vault XP percentage of total XP
 D = Non-vault monster count
 E = Vault monster count
 F = Vault count percentage of total count
                 A         B        C        D         E       F
            +---------+---------+-------+---------+---------+-------
      Total |    4883 |    7063 |  59.1 |     187 |      42 |  18.3
            +---------+---------+-------+---------+---------+-------
        D:1 |      35 |       3 |   7.9 |      22 |       2 |   8.3
        D:2 |     153 |      39 |  20.3 |      24 |       4 |  14.3
        D:3 |      90 |       0 |   0.0 |      22 |       0 |   0.0
        D:4 |     256 |      94 |  26.9 |      15 |       1 |   6.2
        D:5 |     437 |       0 |   0.0 |      26 |       0 |   0.0
        D:6 |     859 |       0 |   0.0 |      28 |       0 |   0.0
        D:7 |     745 |     264 |  26.2 |      17 |       1 |   5.6
        D:8 |    1256 |    2863 |  69.5 |      23 |      14 |  37.8
        D:9 |    1052 |    3800 |  78.3 |      10 |      20 |  66.7
            +---------+---------+-------+---------+---------+-------

Illustrated notes

Table legend:
 A = Kills in this place as a percentage of kills in entire the game.
 B = Kills by you in this place as a percentage of kills by you in the entire game.
 C = Kills by friends in this place as a percentage of kills by friends in the entire game.
 D = Other kills in this place as a percentage of other kills in the entire game.
 E = Experience gained in this place as a percentage of experience gained in the entire game.
 F = Experience gained in this place divided by the number of levels of this place that you have seen.
                   A       B       C       D       E      F
               +-------+-------+-------+-------+-------+----------------------
         Total | 100.0 | 100.0 |   N/A |   N/A | 100.0 | 1194.6
       Dungeon | 100.0 | 100.0 |   N/A |   N/A | 100.0 | 1327.3
               +-------+-------+-------+-------+-------+----------------------

Table legend: (Time is in decaauts)
 A = Elapsed time spent in this place.
 B = Non-inter-level travel time spent in this place.
 C = Inter-level travel time spent in this place.
 D = Time resting spent in this place.
 E = Time spent auto-exploring this place.
 F = Levels seen in this place.
 G = Mean time per level.
                   A        B        C        D        E       F      G
               +--------+--------+--------+--------+--------+-----+--------+
         Total |  11740 |  11470 |    270 |    330 |   9708 |  10 | 1174.0 |
       Dungeon |  11589 |  11355 |    234 |    330 |   9608 |   9 | 1287.7 |
        Temple |    150 |    115 |     35 |      0 |    100 |   1 |  150.0 |
               +--------+--------+--------+--------+--------+-----+--------+

Top non-repeatable levels by time:
     D:8: 2106 daAuts
     D:3: 1392 daAuts
     D:1: 1369 daAuts
     D:7: 1293 daAuts
     D:4: 1217 daAuts
     D:9: 1114 daAuts
     D:5: 1053 daAuts
     D:2: 1043 daAuts
     D:6: 998 daAuts
  Temple: 150 daAuts
